 Dungeon Crawl Stone Soup version 0.18.1-6-gd335043 (webtiles) character file.

43 stauk the Insei (level 3, 0/18 HPs)
             Began as a Vine Stalker Transmuter on May 18, 2016.
             Succumbed to an adder's poison
             ... on level 2 of the Dungeon.
             The game lasted 00:13:22 (1476 turns).

stauk the Insei (Vine Stalker Transmuter)           Turns: 1476, Time: 00:13:23

Health: 0/18       AC:  2    Str: 12    XL:     3   Next: 58%
Magic:  5/8        EV: 12    Int: 14    God:
Gold:   93         SH:  0    Dex: 14    Spells: 3 memorised, 1 level left

rFire  . . .     SeeInvis .     q - +0 whip
rCold  . . .     Gourm    .     b - +0 robe
rNeg   . . .     Faith    .     (no shield)
rPois  .         Spirit   +     (no helmet)
rElec  .         Dismiss  .     (no cloak)
rCorr  .         Reflect  .     (no gloves)
SustAt .         Harm     .     (no boots)
MR     .....                    (no amulet)
Stlth  +.........               (no ring)
                                (no ring)

@: lethally poisoned (0 -> -8), not resistant to hostile enchantments, very
unstealthy
A: fangs 2, regeneration 1, magic shield, antimagic bite, no device heal 3, rot
immunity
a: no special abilities


You were on level 2 of the Dungeon.
You were not hungry.

You visited 1 branch of the dungeon, and saw 2 of its levels.

You collected 93 gold pieces.

Inventory:

Hand Weapons
 h - a +0 hand axe
 q - a +0 whip (weapon)
 s - a +0 dagger
 u - a +0 spear
Missiles
 a - 71 arrows
 f - 23 sling bullets
 g - a throwing net (quivered)
 i - 51 stones
 o - 7 poisoned needles
Armour
 b - a +0 robe (worn)
 j - a +0 robe
 m - a +0 robe
 r - a +0 ring mail
Scrolls
 e - 3 scrolls of teleportation
 p - a scroll of fear {unknown}
 v - a scroll of magic mapping {unknown}
Potions
 l - a potion of might
 n - a potion of brilliance {unknown}
 w - a potion of curing {unknown}
Books
 c - a book of Changes

   Spells                             Type                      Level
   a - Beastly Appendage              Transmutation                1
   b - Sticks to Snakes               Transmutation                2
   c - Spider Form                    Transmutation/Poison         3
   d - Ice Form                       Ice/Transmutation            4
   e - Blade Hands                    Transmutation                5
Comestibles
 d - 2 bread rations
 k - 9 chunks of flesh
 t - 5 fruits


   Skills:
 * Level 2.0 Fighting
 + Level 1.7 Dodging
 + Level 0.0 Stealth
 - Level 3.0 Unarmed Combat
 * Level 2.9 Spellcasting
 + Level 2.2 Transmutations


You had one spell level left.
You knew the following spells:

 Your Spells              Type           Power        Failure   Level  Hunger
a - Beastly Appendage     Trmt           #.....       10%         1    #......
b - Sticks to Snakes      Trmt           #.......     14%         2    ##.....
c - Spider Form           Trmt/Pois      #.........   47%         3    ###....


Dungeon Overview and Level Annotations

Branches:
Dungeon (2/15)

Altars:


Innate Abilities, Weirdness & Mutations

You have extremely sharp teeth.
Your natural rate of healing is unusually fast.
When hurt, damage is shared between your health and your magic reserves.
Your bite disrupts and absorbs the magic of your enemies.
Potions and wands cannot restore your health.
You are immune to rotting.


Message History

You hit the adder.
The adder is heavily wounded.
You feel sick. The adder closely misses you.
You hit the adder but do no damage. Your bite misses the adder.
The adder is heavily wounded.
* * * LOW HITPOINT WARNING * * *
You feel sick. The adder bites you.
* * * LOW HITPOINT WARNING * * *
The adder bites you but does no damage.
You barely miss the adder.
The adder is heavily wounded.
* * * LOW HITPOINT WARNING * * *
You feel sick. The adder bites you.
* * * LOW HITPOINT WARNING * * *
You are more poisoned.
The adder poisons you!
You miss the adder. You bite the adder. You drain its power.
You feel invigorated.
The adder is severely wounded.
You die...

## #. .. .# #. #. .#
######. #. #.#
#...... #.
#.#####...... #.
###............
##.###..............
#..@.......<........
#.S####.######.####รท
#.. #.# #.# #. #^.
#.# #.# ##. #.. #.#
##.# #.. #.! #.# #..#
#.. ... #.# #.## #..
##. #.# #.# #..
#.#####.# #..


You could see an adder.

Vanquished Creatures
  An adder (D:2)
  A dart slug (D:1)
  2 giant geckos (D:2)
  3 giant cockroaches
  2 goblins (D:1)
  5 hobgoblins
  4 kobolds (D:1)
  2 ball pythons
  6 bats
  3 rats
29 creatures vanquished.

Notes
Turn   | Place    | Note
--------------------------------------------------------------
     0 | D:1      | stauk the Vine Stalker Transmuter began the quest for the Orb.
     0 | D:1      | Reached XP level 1. HP: 9/9 MP: 4/4
    61 | D:1      | Reached skill level 1 in Fighting
   189 | D:1      | Reached XP level 2. HP: 4/14 MP: 3/6
   421 | D:1      | Learned a level 2 spell: Sticks to Snakes
  1174 | D:2      | Found a faded altar to an unknown god.
  1202 | D:2      | Reached XP level 3. HP: 16/18 MP: 8/8
  1207 | D:2      | Learned a level 3 spell: Spider Form
  1476 | D:2      | Succumbed to an adder's poison

Skill      XL: |  1  2  3 |
---------------+----------+-----
Fighting       | 1 2 |  2.0
Dodging        | |  1.7
Unarmed Combat | |  3.0
Spellcasting   | |  2.9
Transmutations | |  2.2

Action                   || total
-------------------------++-------
Melee: Unarmed           ||    55
       Bite              ||    27
       Kick              ||     7
       Whip              ||    48
       Headbutt          ||     1
 Cast: Beastly Appendage ||     9
       Spider Form       ||     2
  Use: Scroll            ||     3
       Potion            ||     5
 Stab: Sleeping          ||     1
  Eat: Chunk             ||     2
Armor: Robe              ||    35
Dodge: Dodged            ||    71
